 Dungeon Crawl Stone Soup version 0.24.1-14-gf8d2b509d9 (webtiles) character file.

Game seed: 9705919638789813857, levelgen mode: deterministic

290 Descartes the Shield-Bearer (level 6, -5/48 HPs)
             Began as a Formicid Fighter on May 16, 2020.
             Was an Initiate of Gozag.
             Slain by Edmund
             ... wielding a +2 dire flail of crushing
              (9 damage)
             ... on level 4 of the Dungeon.
             The game lasted 00:07:41 (2225 turns).

Descartes the Shield-Bearer (Formicid Fighter)      Turns: 2225, Time: 00:07:42

Health: -5/48      AC:  7    Str: 20    XL:     6   Next: 58%
Magic:  8/8        EV: 13    Int: 10    God:    Gozag
Gold:   447        SH: 10    Dex: 10    Spells: 7/7 levels left

rFire    . . .     SeeInvis +   a - +0 long sword
rCold    . . .     Gourm    .   c - +0 shield
rNeg     . . .     Faith    .   b - +0 scale mail
rPois    .         Spirit   .   (helmet unavailable)
rElec    .         Reflect  .   (no cloak)
rCorr    .         Harm     .   (no gloves)
MR       +....                  (no boots)
Stlth    ..........             (no amulet)
HPRegen  0.16/turn              g - +4 ring of evasion
MPRegen  0.11/turn              s - ring of protection from magic

@: no status effects
A: permanent stasis, dig shafts and tunnels, four strong arms, antennae 3
a: Dig, Shaft Self, Potion Petition, Call Merchant, Bribe Branch, Renounce
Religion


You were on level 4 of the Dungeon.
You worshipped Gozag.
Gozag was aware of your devotion.
You were hungry.

You visited 1 branch of the dungeon, and saw 4 of its levels.

You collected 467 gold pieces.
You paid 20 gold pieces to Gozag.

Inventory:

Hand Weapons
 a - a +0 long sword (weapon)
Missiles
 h - 67 arrows
 i - 122 stones (quivered)
 l - 16 poisoned darts
 y - a throwing net
Armour
 b - a +0 scale mail (worn)
 c - a +0 shield (worn)
Jewellery
 g - a +4 ring of evasion (left hand)
 s - a ring of protection from magic (right hand)
Wands
 q - a wand of flame (37)
 A - a wand of disintegration (14)
Scrolls
 e - 2 scrolls of identify {unknown}
 j - a scroll of enchant armour {unknown}
 m - a scroll of remove curse {unknown}
 o - a scroll of fog {unknown}
 p - 2 scrolls of amnesia {unknown}
 t - a scroll of blinking {unknown}
 u - a scroll of teleportation {unknown}
 w - a scroll of noise {unknown}
 x - a scroll of random uselessness {unknown}
 z - a scroll of immolation {unknown}
Potions
 d - a potion of might
 k - 2 potions of flight {unknown}
 n - a potion of haste {unknown}
 r - a potion of cancellation {unknown}
 v - a potion of degeneration {unknown}
Comestibles
 f - 2 rations


   Skills:
 + Level 4.2 Fighting
 - Level 2.9 Long Blades
 + Level 4.0 Armour
 - Level 1.8 Dodging
 * Level 5.4 Shields
 + Level 1.3 Spellcasting
 + Level 1.5 Evocations


You had 7 spell levels left.
You didn't know any spells.
Your spell library was empty.

Dungeon Overview and Level Annotations

Branches:
Dungeon (4/15)
 Temple: D:4-7

Altars:
Dithmenos
Gozag
Qazlal
Wu Jian

Shops:
D:2 *

Annotations:
D:4 Edmund


Innate Abilities, Weirdness & Mutations

You cannot be hasted, slowed, berserked, paralysed or teleported.
You can dig through walls and to a lower floor.
Your four strong arms can wield two-handed weapons with a shield.
You have a pair of large antennae on your head. (SInv)


Message History

Edmund closely misses you.
You closely miss Edmund.
Edmund is almost dead.
Edmund hits you with a +2 dire flail of crushing.
* * * LOW HITPOINT WARNING * * *
x2 Your scale mail prevents you from hitting Edmund.
Edmund is almost dead.
Edmund hits you but does no damage.
Edmund hits you with a +2 dire flail of crushing!
* * * LOW HITPOINT WARNING * * *
x2 You closely miss Edmund.
Edmund is almost dead.
Edmund misses you.
You riposte.
You barely miss Edmund.
Edmund is almost dead.
You hit Edmund.
Edmund is almost dead.
You are feeling hungry.
Edmund hits you with a +2 dire flail of crushing!
You die...
Your body crumbles into a pile of gold.

#.###
#...
#...
#...
#..#
#..#
#.r#
#.##@#
#...@#
######
{{


You could see Edmund and a quokka.

Vanquished Creatures
  2 orc priests (D:3)
  Jessica (D:2)
  7 adders
  3 gnolls (D:3)
  2 shadow imps (D:3)
  A worm (D:3)
  8 dart slugs
  3 leopard geckos
  3 orcs (D:3)
  4 bats
  6 giant cockroaches
  5 goblins
  6 hobgoblins
  3 jackals (D:2)
  7 kobolds
  2 quokkas
  5 frilled lizards
  12 rats
80 creatures vanquished.

Notes
Turn   | Place    | Note
-------+----------+-------------------------------------------
     0 | D:1      | Descartes the Formicid Fighter began the quest for the Orb.
     0 | D:1      | Reached XP level 1. HP: 18/18 MP: 1/1
    70 | D:1      | Reached XP level 2. HP: 22/24 MP: 2/2
    88 | D:1      | Reached skill level 4 in Shields
   150 | D:1      | Reached XP level 3. HP: 22/29 MP: 3/3
   552 | D:2      | Found an ornate altar of the Wu Jian Council.
   627 | D:2      | Reached XP level 4. HP: 20/37 MP: 4/4
   630 | D:2      | Reached skill level 1 in Dodging
   803 | D:2      | Noticed Jessica
   806 | D:2      | Found an opulent altar of Gozag.
   810 | D:2      | Killed Jessica
   833 | D:2      | Found Gozag's Platinum Reserve.
   836 | D:2      | Reached XP level 5. HP: 15/42 MP: 5/5
   848 | D:2      | Became a worshipper of Gozag Ym Sagoz the Greedy
  1562 | D:3      | Found a transporter.
  1583 | D:3      | Found a transporter.
  1826 | D:3      | Found a shadowy altar of Dithmenos.
  1885 | D:3      | Found a stormy altar of Qazlal.
  1988 | D:3      | Reached skill level 5 in Shields
  1988 | D:3      | Reached skill level 1 in Evocations
  1988 | D:3      | Reached XP level 6. HP: 43/48 MP: 7/7
  1991 | D:3      | Reached skill level 1 in Spellcasting
  2197 | D:4      | Noticed Edmund
  2225 | D:4      | Slain by Edmund

Levels and vault maps discovered:
D:1:      dpeg_arrival_tiny_k, layout_rooms
D:2:      layout_loops_ring, nicolae_overflow_crystal_walls,
          nicolae_gozag_zags_fifth_avenue, uniq_jessica
D:3:      gammafunk_wand_slinger, layout_basic,
          grunt_dithmenos_smoke_and_mirrors, lemuel_crystal_altar, first_ration
D:4:      layout_basic, zin_scriptorium, uniq_duvessa, uniq_ijyb, uniq_edmund

Skill      XL: |  1  2  3  4  5  6 |
---------------+-------------------+-----
Shields        | 4 5 |  5.4
Dodging        | 1 |  1.8
Fighting       | 4 |  4.2
Evocations     | 1 |  1.5
Spellcasting   | 1 |  1.3
Armour         | 4 |  4.0
Long Blades    | |  2.9

Action                   |  1- 3 |  4- 6 || total
-------------------------+-------+-------++-------
Melee: Long sword        |   112 |   145 ||   257
 Abil: Dig               |       |     1 ||     1
Evoke: Wand              |       |    10 ||    10
  Eat: Ration            |       |     1 ||     1
       Chunk             |       |     1 ||     1
Armor: Scale mail        |    48 |    39 ||    87
Dodge: Dodged            |    48 |    63 ||   111
Block: Shield            |    70 |    86 ||   156
       Rpst.: Long sword |    13 |    25 ||    38
